 Dungeon Crawl Stone Soup version 0.32-a0-705-g60f233581c (webtiles) character file.

Game seed: 17241868344445960551

133159 ytrimaz the Spry (level 17, -3/154 HPs)
             Began as an Octopode Shapeshifter on Mar 15, 2024.
             Was an Elder of Ashenzari.
             Blown up by an orb spider (54 damage)
             ... with an orb of destruction
             ... led by a jorogumo
             ... on level 3 of the Spider Nest.
             The game lasted 00:36:57 (28420 turns).

ytrimaz the Spry (Octopode Shapeshifter)           Turns: 28420, Time: 00:36:58

Health: -3/154     AC: 30    Str: 20    XL:     17   Next: 14%
Magic:  40/40      EV: 35    Int: 24    God:    Ashenzari [****..]
Gold:   1966       SH:  0    Dex: 19    Spells: 36/36 levels left

rFire   . .          .
                       - Unarmed
rCold   . . .        (no shield)
rNeg    + + .        (helmet restricted)
rPois   ∞            N - amulet of magic regeneration
rElec   +            g - ring of the Cursed Boredom {EV+5, Dev, Sorc} (curse)
rCorr   +            y - ring "Ensconced With Me" {MP+9, Elem, Comp} (curse)
SInv    +            w - ring of Ashenzari's Dismay {EV+5, Bglg, Cun} (curse)
Will    ++...        x - ring of the Sidereal Augur {Int+6, Bglg, Sorc} (curse)
Stlth   +++          X - ring "Neahul" {rN+ Str+6}
HPRegen 0.45/turn    F - ring of the Fated Insecurity {rCorr, Dev, Elem} (curse)
MPRegen 0.67/turn    L - ring "Regret of Ashenzari" {Will+, Dev, Elem} (curse)
                     R - ring "Pangnostic Activism" {Dex+6, Self, Melee} (curse)

%: clarity
@: statue-form, slightly contaminated, very slow
A: slow and powerful, torment resistance 1, boosted hp, almost no armour,
amphibious, 8 rings, camouflage 1, (gelatinous body 1), (nimble swimmer 1),
tentacles
a: Begin Untransformation, Renounce Religion, Curse Item, Shatter the Chains


You were on level 3 of the Spider Nest.
You worshipped Ashenzari.
Ashenzari was greatly pleased with you.
You were a living statue of rough stone.
You visited 5 branches of the dungeon, and saw 25 of its levels.

You collected 2470 gold pieces.
You spent 504 gold pieces at shops.


Innate Abilities, Weirdness & Mutations

You are a living statue of rough stone.
Your actions are slow, but your melee attacks are powerful.
You are resistant to unholy torment.
Your maximum health is greatly increased.
You cannot wear most types of armour.
You are amphibious.
You can wear up to eight rings at the same time.
You are immune to poison.
Your skin changes colour to match your surroundings (Stealth+).
((Your rubbery body absorbs attacks. (AC +1, EV +1)))
((You are camouflaged when in or above water. (Stealth+)))
You have tentacles for arms and can constrict up to eight enemies at once.


   Skills:
 - Level 10.1(12.0) Fighting
 - Level 18.6(20.3) Dodging
 - Level 13.2(15.0) Unarmed Combat
 + Level 8.1(10.0) Spellcasting
 - Level 0.5(2.0) Ice Magic
 + Level 15.0(18.5) Shapeshifting


You had 36 spell levels left.
You didn't know any spells.
Your spell library contained the following spells:

 Spells                   Type           Power      Damage    Failure   Level
 Foxfire                  Conj/Fire      56%        2x1d6     4%          1
 Necrotise                Necr           52%        1d6       4%          1
 Sting                    Conj/Alch      52%        1d6       4%          1
 Ensorcelled Hibernation  Hex/Ice        34%        N/A       4%          2
 Scorch                   Fire           28%        2d6       6%          2
 Blink                    Tloc           26%        N/A       7%          2
 Cigotuvi's Dreadful Rot  Necr/Alch/Air  26%        N/A       7%          2
 Lesser Beckoning         Tloc           26%        N/A       7%          2
 Momentum Strike          Conj/Tloc      26%        3d8       7%          2
 Summon Ice Beast         Ice/Summ       17%        N/A       10%         3
 Inner Flame              Hex/Fire       14%        N/A       13%         3
 Passwall                 Erth           14%        N/A       13%         3
 Swiftness                Air            14%        N/A       13%         3
 Fugue of the Fallen      Necr           13%        N/A       14%         3
 Sigil of Binding         Hex            13%        N/A       14%         3
 Vampiric Draining        Necr           13%        2d6       14%         3
 Cause Fear               Hex            6%         N/A       41%         4
 Flame Wave               Conj/Fire      14%        2d6       41%         4
 Ignite Poison            Fire/Alch      14%        N/A       41%         4
 Anguish                  Hex/Necr       6%         N/A       43%         4
 Martyr's Knell           Necr/Summ      13%        N/A       43%         4
 Metabolic Englaciation   Hex/Ice        8%         N/A       65%         5
 Freezing Cloud           Conj/Ice/Air   8%         6-21      69%         5
 Alistair's Intoxication  Alch           8%         N/A       77%         5
 Borgnjor's Vile Clutch   Necr/Erth      6%         N/A       77%         5
 Summon Forest            Summ/Tloc      6%         N/A       78%         5
 Summon Mana Viper        Hex/Summ       13%        N/A       78%         5
 Curse of Agony           Necr           13%        N/A       80%         5
 Sculpt Simulacrum        Ice/Alch       8%         N/A       99%         6
 Eringya's Noxious Bog    Alch           6%         4d6       100%        6
 Plasma Beam              Fire/Air       7%         2x1d17    100%        6
 Starburst                Conj/Fire      7%         6d4       100%        6
 Summon Cactus Giant      Summ           6%         N/A       100%        6
 Monstrous Menagerie      Summ           6%         N/A       100%        7
 Ozocubu's Refrigeration  Ice            10%        4d9       100%        7
 Polar Vortex             Ice            10%        12d1*     100%        9

Inventory:

Jewellery
 g - the cursed ring of the Cursed Boredom (left tentacle) {EV+5, Dev, Sorc}
   (You found it on level 1 of the Dungeon)

   [ring of evasion]

   EV+5:      It affects your evasion (+5).
   It has a curse which improves the following skills: Devices: Evocations and
   Shapeshifting.
   Sorcery:   Conjurations and Alchemy.
 w - the cursed ring of Ashenzari's Dismay (on tentacle) {EV+5, Bglg, Cun}
   (You took it off an orc on level 7 of the Dungeon)

   [ring of evasion]

   EV+5:      It affects your evasion (+5).
   It has a curse which improves the following skills: Beguiling: Hexes and
   Translocations.
   Cunning:   Dodging and Stealth.
 x - the cursed ring of the Sidereal Augur (on tentacle) {Int+6, Bglg, Sorc}
   (You took it off an orc priest on level 11 of the Dungeon)

   [ring of intelligence]

   Int+6:     It affects your intelligence (+6).
   It has a curse which improves the following skills: Beguiling: Hexes and
   Translocations.
   Sorcery:   Conjurations and Alchemy.
 y - the cursed ring "Ensconced With Me" (right tentacle) {MP+9, Elem, Comp}
   (You found it on level 8 of the Dungeon)

   [ring of magical power]

   MP+9:      It affects your magic capacity (+9).
   It has a curse which improves the following skills: Elements: Fire Magic, Ice
   Magic, Air Magic and Earth Magic.
   Companions: Summonings and Necromancy.
 D - a +4 ring of slaying
   (You found it on level 11 of the Dungeon)
 F - the cursed ring of the Fated Insecurity (on tentacle) {rCorr, Dev, Elem}
   (You found it on level 11 of the Dungeon)

   [ring of resist corrosion]

   rCorr:     It protects you from acid and corrosion.
   It has a curse which improves the following skills: Devices: Evocations and
   Shapeshifting.
   Elements:  Fire Magic, Ice Magic, Air Magic and Earth Magic.
 L - the cursed ring "Regret of Ashenzari" (on tentacle) {Will+, Dev, Elem}
   (You found it on level 2 of the Lair of Beasts)

   [ring of willpower]

   Will+:     It increases your willpower.
   It has a curse which improves the following skills: Devices: Evocations and
   Shapeshifting.
   Elements:  Fire Magic, Ice Magic, Air Magic and Earth Magic.
 N - an amulet of magic regeneration (around mantle)
   (You found it on level 3 of the Lair of Beasts)
 P - a ring of positive energy
   (You found it on level 4 of the Lair of Beasts)
 Q - a ring of wizardry
   (You found it on level 4 of the Lair of Beasts)
 R - the cursed ring "Pangnostic Activism" (on tentacle) {Dex+6, Self, Melee}
   (You found it on level 5 of the Lair of Beasts)

   [ring of dexterity]

   Dex+6:     It affects your dexterity (+6).
   It has a curse which improves the following skills: Introspection: Fighting
   and Spellcasting.
   Melee Combat: Short Blades, Long Blades, Axes, Maces & Flails, Polearms,
   Staves and Unarmed Combat.
 S - a +6 ring of intelligence
   (You bought it in a shop on level 2 of the Orcish Mines)
 X - the ring "Neahul" (on tentacle) {rN+ Str+6}
   (You found it on level 2 of the Spider Nest)

   [ring of strength]

   Str+6:     It affects your strength (+6).
   rN+:       It protects you from negative energy.
 Z - a +6 ring of intelligence
   (You found it on level 3 of the Spider Nest)
Talismans
 b - a beast talisman
 c - a flux talisman
 B - a maw talisman
   (You found it on level 7 of the Dungeon)
 J - a granite talisman (active)
   (You found it on level 2 of the Lair of Beasts)
 U - the serpent talisman of Magic {rF+ Stlth+}
   (You took it off Aizul on level 1 of the Spider Nest)

   [serpent talisman]

   rF+:       It protects you from fire.
   Stlth+:    It makes you more stealthy.
Wands
 j - a wand of digging (5)
   (You found it on level 10 of the Dungeon)
 n - a wand of polymorph (9)
   (You found it on level 4 of the Dungeon)
 r - a wand of flame (45)
   (You found it on level 5 of the Dungeon)
 s - a wand of paralysis (27) (quivered)
   (You took it off an orc wizard on level 6 of the Dungeon)
 H - a wand of warping (20)
   (You found it on level 13 of the Dungeon)
 O - a wand of quicksilver (3)
   (You found it on level 4 of the Lair of Beasts)
Scrolls
 e - 2 scrolls of enchant weapon
 f - 6 scrolls of vulnerability
 h - 5 scrolls of poison
 k - 4 scrolls of immolation
 m - 5 scrolls of fog
 t - 4 scrolls of revelation
 u - 3 scrolls of torment
 v - a scroll of enchant armour
 A - 2 scrolls of teleportation
 C - 3 scrolls of amnesia
 T - a scroll of fear
 W - a scroll of blinking
Potions
 a - a potion of mutation
 l - 7 potions of attraction
 p - a potion of cancellation
 q - 2 potions of lignification
 z - 4 potions of brilliance
 G - a potion of magic
 I - a potion of resistance
 K - a potion of curing
 V - 2 potions of enlightenment
 Y - a potion of might

Dungeon Overview and Level Annotations

Branches:
Dungeon (14/15) Zot: 25985  Temple (1/1) D:7 Zot: 5998    Lair (5/5) D:10 Zot: 21382
 Shoals (0/4) Lair:2       Spider (3/4) Lair:2 Zot: 14984   Slime (0/5) Lair:4
    Orc (2/2) D:9 Zot: 9531     Elf (0/3) Orc:2        Vaults (0/5) D:13

Altars:
Ashenzari
Cheibriados
Dithmenos
Elyvilon
Fedhas
Gozag
Hepliaklqana
Kikubaaqudgha
Makhleb
Nemelex Xobeh
Okawaru
Qazlal
Ru
Sif Muna
Trog
Uskayaw
Vehumet
Wu Jian
Xom
Yredelemnul
Zin
The Shining One
Beogh

Shops:
D:2 *   D:4 :   D:12 :   Orc:2 *[(=

Annotations:
D:3 2 runed translucent doors, cojito's ghost, amateur MDMo
D:6 1 runed translucent door, Crazy Yiuf
D:8 exclusion: hornet
D:9 3 transporters, Erica; Eugor's ghost, novice DECj
D:13 exclusion: door
Lair:2 2 transporters, 910rd's ghost, journeyman DrSh
Lair:3 2 runed translucent doors, jamsaran's ghost, journeyman DgAl
Lair:5 2 runed translucent doors, exclusion: 2 doors

..##,,,,,,,,*#####..#
#.#,,,.....,##...^.##
###,,,,....,#.....##
..,,#**#...,#...#^#
..,,#.,#s{.,#...###
..**#.^##^.####...##
.$**#.....^#.s.....#
..,,*#.....$.☼☼☼..##
..,,,**#....†)).I.#
..,*** #.....#...##
,,** *#.....#..!#
#^.....#..##
*#......#.##
#.....^^### ##.....##
#....## **,,**


You could see an orb spider.


Message History

You take 24 damage, and now have 130/154 hp.
Unknown command.
A jumping spider comes into view.
The jumping spider leaps!
The meliai invokes the aid of its god against you.
Something smites you!
Things that are here:
a +0 war axe; a +0 leather armour; 😕 HP[-14]
You take 14 damage, and now have 116/154 hp.
You thrash the meliai!!!
You kill the meliai! 😕 HP[+1]
You closely miss the meliai. You grab the meliai.
You squeeze the meliai, but do no damage.
You constrict the meliai! The meliai closely misses you.
The meliai completely misses you.
A radroach comes into view.
The meliai hits you but does no damage. The meliai completely misses you.
Unknown command.
You thrash the meliai!!!
You kill the meliai!
The jumping spider leaps! x2 😕 HP[+1]
The jumping spider leaps!
Items here: )) [[ ††. 😕 HP[+1] Unknown command.
You batter the jumping spider!! You grab the jumping spider.
You squeeze the jumping spider.
You kill the jumping spider!
You tentacle-slap the radroach but do no damage.
You grab the radroach.
You squeeze the radroach, but do no damage.
You constrict the radroach.
The radroach erupts in a fountain of uncontrolled magic!
You are blasted with magical radiation!!
You are very lightly contaminated with residual magic. 😮 HP[-24] MP[+1]
You take 24 damage, and now have 95/154 hp.
Your mp is fully restored (40).
You are too injured to fight recklessly!
Unknown command.
You are too injured to fight recklessly!
You tentacle-slap the radroach. You squeeze the radroach!
You constrict the radroach.
The radroach erupts in a fountain of uncontrolled magic!
You are blasted with magical radiation!!
* * * LOW HITPOINT WARNING * * *
You are lightly contaminated with residual magic. 😨 HP[-31]
You take 31 damage, and now have 64/154 hp.
MASSIVE DAMAGE!! (PAUSE)
You tentacle-slap the radroach.
You constrict the radroach, but do no damage.
The radroach completely misses you. The radroach misses you. 😨 HP[+1]
You batter the radroach!!
You squeeze the radroach, but do no damage.
You constrict the radroach!
The radroach erupts in a fountain of uncontrolled magic!
You are blasted with magical radiation!!
* * * LOW HITPOINT WARNING * * *
You are contaminated with residual magic.
The radroach completely misses you. x2 😨 HP[-23]
You take 23 damage, and now have 42/154 hp.
You tentacle-slap the radroach but do no damage.
You squeeze the radroach!
You kill the radroach! 😨 HP[+1] Unknown command.
You see here a radroach corpse.
Unknown command. 😨 HP[+1]
An orb spider is nearby!
Unknown command. 😨 HP[+2]
You regained 2 hp, and now have 46/154 hp.
An orb spider is nearby!
An orb spider is nearby!
An orb spider is nearby!
Unknown command.
You see here a radroach corpse. 😨 HP[+1] Unknown command.
The orb spider's many legs skitter faintly.
The orb spider spins a strand of pure energy.
Items here: )) [[ ††.
Things that are here:
a +0 war axe; a +0 leather armour; a jumping spider corpse 😨 HP[+1] Unknown command.
You feel less contaminated with magical energies. 😨 HP[+1]
The orb spider weaves a glowing orb of energy.
An orb of destruction comes into view.
Unknown command. 😨 HP[+1]
The orb of destruction hits you!!!
You die...

Skill      XL: |  1  2  3  4  5  6  7  8  9 10 11 12 13 14 15 16 17 |
---------------+----------------------------------------------------+-----
Dodging        | 3 4 6 7 9 11 13 14 17 18 | 18.6
Unarmed Combat | 4 5 6 8 10 11 13 | 13.2
Shapeshifting  | 4 6 8 9 11 13 14 15 | 15.0
Fighting       | 2 6 9 10 | 10.1
Spellcasting   | 1 7 8 |  8.1
Ice Magic      | |  0.5

Action                     |  1- 3 |  4- 6 |  7- 9 | 10-12 | 13-15 | 16-18 || total
---------------------------+-------+-------+-------+-------+-------+-------++-------
  Melee: Unarmed           |    44 |    28 |   249 |   648 |   949 |   431 ||  2349
         Constrict         |     9 |    10 |    59 |    87 |   155 |   105 ||   425
         Tentacles         |     6 |     9 |    65 |   175 |   269 |   144 ||   668
         Punch             |     2 |       |     9 |    21 |    64 |    55 ||   151
         Maw               |       |       |       |    10 |    16 |       ||    26
  Throw: Throwing net      |       |       |       |     1 |       |       ||     1
 Invoke: Curse Item        |       |       |       |     3 |     4 |       ||     7
  Evoke: Wand              |       |       |       |     3 |       |       ||     3
    Use: Potion            |     1 |       |     4 |     6 |     2 |       ||    13
         Scroll            |       |       |    12 |     8 |     6 |     2 ||    28
   Stab: Sleeping          |     2 |     4 |     9 |     3 |     2 |     5 ||    25
         Paralysed         |       |       |       |     3 |       |       ||     3
 Armour: Skin              |    11 |     6 |    84 |   188 |   408 |   362 ||  1059
  Dodge: Dodged            |    25 |    26 |   194 |   837 |  1828 |  1939 ||  4849
   Form: Maw               |       |       |       |     1 |     1 |       ||     2
         Flux              |       |       |       |     1 |     1 |       ||     2
         Statue            |       |       |       |       |     1 |       ||     1

Levels and vault maps discovered:
D:1:      dpeg_arrival_rhombi, layout_basic, hellmonk_ecumenical_altar_blasted,
          minmay_close_crescents
D:2:      layout_loops_ring, serial_shops, nicolae_shop_tiny_glass,
          uniq_terence, uniq_sigmund
D:3:      layout_basic, ebering_ghost_sewer_f, uniq_grinder
D:4:      layout_rooms, ashenzari_conservatory_becter, serial_shops,
          nicolae_book_shop_shelving, minmay_ogre_servants
D:5:      layout_basic, grunt_temple_overflow_open
D:6:      layout_cave_pools, zin_scriptorium, minmay_misc_feat_plants,
          chequers_serial_rivers_large_a, uniq_blork_the_orc,
          uniq_crazy_yiuf_cottage, uniq_maggie
D:7:      layout_cave_pods, mainiacjoe_overflow_catwalk,
          nicolae_kikubaaqudgha_miasma_corner,
          minmay_temple_entry_enclosed_plants
D:8:      layout_gridville, slow_altar_1, hex_medium
D:9:      layout_loops_corners, gammafunk_temple_overflow_arena,
          minmay_orc_entry_temple_small, gammafunk_ghost_smash, uniq_erica
D:10:     minmay_thick_lines, layout_cave_pods, nicolae_sif_muna_condensation,
          due_lair_maze_entry_diamond
D:11:     minmay_the_grid_triangle_9x9_recursive_2
          [minmay_the_grid_triangle_9x9_prize_insulated,
          minmay_the_grid_triangle_9x9_limited_checkers,
          minmay_the_grid_triangle_9x9_negative_grid,
          minmay_the_grid_triangle_9x9_cache], layout_basic,
          nicolae_doodle_vault
D:12:     layout_cave_pools, nicolae_shop_self_help, uniq_josephine
D:13:     wad_river_or_something, layout_loops_ring,
          hellmonk_vaults_order_and_chaos
D:14:     gammafunk_jiyva_shrine, layout_grid_maze,
          hangedman_abyss_or_decor_clamps, uniq_rupert
Temple:   compressed_dpeg_triangle_lava_temple
Lair:1:   layout_gridlike, basic_altar, infiniplex_staircase_pool,
          serial_bayou_shore_b
Lair:2:   nzn_winding_woodlands_cross [nzn_winding_woodlands_5x15_zeroes,
          nzn_winding_woodlands_5x15_concentric,
          nzn_winding_woodlands_5x15_parted, nzn_winding_woodlands_5x15_pool,
          nzn_winding_woodlands_15x15_eel_pit], layout_concentric_octagons,
          elwin_shoals_entry_stream, spider_nest_entry_a,
          gammafunk_ghost_wrathful_warriors
Lair:3:   layout_big_grid, ebering_ghost_disaster_area, lemuel_fruit_fields,
          grunt_megastairs_1
Lair:4:   layout_long_grid, dpeg_slime_entry_enclosed
Lair:5:   cheibrodos_lair_end_hotspot, layout_regular_city, basic_altar,
          columned_hall_lemuel, roderic_batcave, serial_bayou_shore_b
Spider:1: spiders_nest_a, uniq_aizul, uniq_asterion, uniq_kirke
Spider:2: layout_spider_delve
Spider:3: layout_spider_delve
Orc:1:    layout_caves
Orc:2:    grunt_orc_cross, layout_caves, nicolae_orc_seminary, uniq_azrael

Notes
Turn   | Place    | Note
-------+----------+-------------------------------------------
     0 | D:1      | ytrimaz the Octopode Shapeshifter began the quest for the
                  | Orb.
     0 | D:1      | Reached XP level 1. HP: 13/13 MP: 1/1
     0 | D:1      | magus.rc [v1.9.6]
   136 | D:1      | Reached XP level 2. HP: 16/18 MP: 2/2
   210 | D:1      | HP: 4/18 [poisoned by a goblin]
   211 | D:1      | HP: 1/18 [poisoned by a goblin]
   413 | D:1      | Found a faded altar of an unknown god.
   580 | D:1      | You pick up a book of Burglary and begin reading...
   580 | D:1      | You add the spells Ensorcelled Hibernation, Swiftness and
                  | Passwall to your library.
   731 | D:2      | Noticed Sigmund
   740 | D:2      | Killed Sigmund
   741 | D:2      | Reached skill level 3 in Dodging
   741 | D:2      | Reached skill level 4 in Unarmed Combat
   741 | D:2      | Reached skill level 4 in Shapeshifting
   741 | D:2      | Reached XP level 3. HP: 23/23 MP: 3/3
   741 | D:2      | Reached XP level 4. HP: 28/28 MP: 4/4
   741 | D:2      | Reached XP level 5. HP: 33/33 MP: 5/5
   836 | D:2      | Noticed Terence
   839 | D:2      | Killed Terence
   857 | D:2      | You pick up a book of Ice and begin reading...
   857 | D:2      | You add the spells Sculpt Simulacrum, Ozocubu's
                  | Refrigeration and Polar Vortex to your library.
   881 | D:2      | Reached XP level 6. HP: 35/38 MP: 6/6
  1062 | D:2      | You add the spells Cigotuvi's Dreadful Rot, Ignite Poison
                  | and Freezing Cloud to your library.
  1118 | D:2      | Found Nyfep's General Store.
  1404 | D:3      | Noticed Grinder
  1408 | D:3      | Killed Grinder
  1409 | D:3      | Reached skill level 4 in Dodging
  1409 | D:3      | Reached skill level 5 in Unarmed Combat
  1409 | D:3      | Reached XP level 7. HP: 41/43 MP: 5/7
  1714 | D:3      | Found a runed translucent door.
  1717 | D:3      | Noticed cojito's ghost (amateur MDMo)
  1754 | D:3      | Reached skill level 5 in Dodging
  1802 | D:3      | Found a runed translucent door.
  2030 | D:3      | Reached skill level 6 in Unarmed Combat
  2469 | D:4      | Found Kastilof's Book Boutique.
  2511 | D:4      | You pick up a book of Fire and begin reading...
  2511 | D:4      | You add the spells Foxfire, Plasma Beam and Starburst to
                  | your library.
  2702 | D:4      | Found a broken altar of Ashenzari.
  3071 | D:4      | Reached skill level 6 in Dodging
  3071 | D:4      | Reached XP level 8. HP: 44/48 MP: 8/8
  3138 | D:5      | Entered Level 5 of the Dungeon
  3232 | D:5      | Reached skill level 7 in Unarmed Combat
  3370 | D:5      | Found an opulent altar of Gozag.
  3431 | D:5      | Found a burning altar of Makhleb.
  3455 | D:5      | HP: 10/48 [ogre/+0 giant club (34)]
  3465 | D:5      | Reached skill level 7 in Dodging
  3640 | D:5      | Reached skill level 8 in Unarmed Combat
  4301 | D:6      | Reached XP level 9. HP: 33/53 MP: 9/9
  4552 | D:6      | Reached skill level 8 in Dodging
  4882 | D:6      | Paralysed by an orc wizard for 2 turns
  4921 | D:6      | Noticed Maggie
  4931 | D:6      | Killed Maggie
  4932 | D:6      | Reached skill level 9 in Unarmed Combat
  5054 | D:6      | Noticed Blork the orc
  5059 | D:6      | Killed Blork the orc
  5060 | D:6      | Reached skill level 9 in Dodging
  5120 | D:6      | Found a glowing silver altar of Zin.
  5262 | D:6      | Found a runed translucent door.
  5263 | D:6      | Noticed Crazy Yiuf
  5319 | D:7      | Found an ancient bone altar of Kikubaaqudgha.
  5593 | D:7      | Found a shadowy altar of Dithmenos.
  5629 | D:7      | You fall into a shaft and drop 2 floors!
  5668 | D:8      | Noticed a hornet
  5685 | D:8      | You pick up a book of Spatial Translocations and begin
                  | reading...
  5685 | D:8      | You add the spells Blink, Momentum Strike and Lesser
                  | Beckoning to your library.
  5726 | D:8      | Found a snail-covered altar of Cheibriados.
  5734 | D:8      | Reached skill level 10 in Unarmed Combat
  5742 | D:8      | Reached XP level 10. HP: 31/58 MP: 10/10
  6034 | D:8      | Reached skill level 10 in Dodging
  6767 | D:7      | You pick up a book of Necromancy and begin reading...
  6767 | D:7      | You add the spells Necrotise, Vampiric Draining, Martyr's
                  | Knell and Curse of Agony to your library.
  6851 | D:7      | Found a staircase to the Ecumenical Temple.
  6868 | Temple   | Entered the Ecumenical Temple
  6947 | D:4      | Became a worshipper of Ashenzari the Shackled
  7140 | D:8      | You pick up a book of Dreams and begin reading...
  7140 | D:8      | You add the spells Fugue of the Fallen and Anguish to your
                  | library.
  7671 | D:9      | Reached skill level 11 in Dodging
  7791 | D:9      | Found a transporter.
  7805 | D:9      | Noticed a seven-headed hydra
  7810 | D:9      | Found a bloodstained altar of Trog.
  7863 | D:9      | Killed a seven-headed hydra
  7901 | D:9      | Found a transporter.
  8131 | D:9      | Found a transporter.
  8132 | D:9      | Identified the +5 great mace "Oloizi" {flame, rF+ Dex+4}
  8132 | D:9      | Noticed a two-headed ogre
  8132 | D:9      | Noticed a two-headed ogre
  8132 | D:9      | Noticed Eugor's ghost (novice DECj)
  8133 | D:9      | Noticed a two-headed ogre
  8133 | D:9      | Noticed a two-headed ogre
  8134 | D:9      | Noticed a two-headed ogre
  8162 | D:9      | You pick up a book of Scorching and begin reading...
  8162 | D:9      | You add the spells Scorch, Flame Wave and Summon Cactus
                  | Giant to your library.
  8255 | D:9      | Reached * piety under Ashenzari
  8317 | D:9      | Reached skill level 5 in Shapeshifting
  8420 | D:9      | Noticed Erica
  8422 | D:9      | Paralysed by Erica for 3 turns
  8426 | D:9      | HP: 14/58 [poisoned by Erica (bolt of poison)]
  8430 | D:9      | HP: 6/58 [poisoned by Erica (bolt of poison)]
  8435 | D:9      | HP: 3/58 [poisoned by Erica (bolt of poison)]
  8468 | D:10     | Entered Level 10 of the Dungeon
  8733 | D:9      | Found a staircase to the Orcish Mines.
  8775 | D:9      | Found a roughly hewn altar of Beogh.
  9188 | D:10     | Reached skill level 6 in Shapeshifting
  9323 | D:10     | Reached skill level 2 in Fighting
  9417 | D:10     | Identified the +4 war axe "Bocaufie" {venom, Will+++ Int-5
                  | Dex+3 Stlth-}
  9448 | D:10     | Reached XP level 11. HP: 34/66 MP: 11/11
  9476 | D:10     | HP: 10/46 [komodo dragon (31)]
  9485 | D:10     | Reached skill level 3 in Fighting
  9485 | D:10     | Reached skill level 12 in Dodging
 10131 | D:10     | Found a staircase to the Lair.
 10163 | D:10     | Reached skill level 4 in Fighting
 10251 | D:10     | HP: 17/69 [poisoned by a killer bee]
 10255 | D:10     | Reached skill level 7 in Shapeshifting
 10256 | D:10     | HP: 12/69 [poisoned by a killer bee]
 10450 | D:10     | Identified the +9 long sword "Ufumyatu" {vamp, *Corrode rC+
                  | Stlth+}
 10641 | D:10     | Found a shimmering blue altar of Sif Muna.
 10787 | D:11     | Noticed a boulder beetle
 10814 | D:11     | Killed a boulder beetle
 11035 | D:11     | Noticed a two-headed ogre
 11035 | D:11     | Noticed a cyclops
 11047 | D:11     | HP: 1/70 [komodo dragon (19)]
 11285 | Lair:1   | Entered Level 1 of the Lair of Beasts
 11345 | Lair:1   | Reached skill level 5 in Fighting
 11790 | Lair:1   | Found a glowing golden altar of the Shining One.
 12470 | Lair:1   | Reached skill level 13 in Dodging
 12470 | Lair:1   | Reached skill level 8 in Shapeshifting
 12648 | Orc:1    | Entered Level 1 of the Orcish Mines
 12772 | D:11     | Noticed a two-headed ogre
 12787 | D:11     | HP: 11/72 [two-headed ogre/+0 giant club (33)]
 12791 | D:11     | Killed a two-headed ogre
 12792 | D:11     | Reached skill level 6 in Fighting
 12792 | D:11     | Reached XP level 12. HP: 13/79 MP: 12/12
 13299 | D:11     | Killed a two-headed ogre
 13741 | D:11     | Reached skill level 7 in Fighting
 13747 | D:11     | Noticed a two-headed ogre
 14052 | D:11     | Noticed a centaur warrior
 14052 | D:11     | Identified the +2 dagger "Siow" {flame, rF+ rC+}
 14248 | D:11     | Killed a centaur warrior
 14248 | D:11     | HP: 18/81 [poisoned by a centaur warrior]
 14249 | D:11     | Reached skill level 9 in Shapeshifting
 14252 | D:11     | HP: 8/81 [poisoned by a centaur warrior]
 14257 | D:11     | HP: 3/81 [poisoned by a centaur warrior]
 14805 | D:11     | Identified the staff "Ciffiredwi" {rElec rN+ Dex-4 SInv
                  | Necro Tloc}
 14842 | D:11     | Reached skill level 8 in Fighting
 14984 | D:11     | Reached skill level 14 in Dodging
 15011 | D:11     | Killed a two-headed ogre
 15227 | D:11     | Reached skill level 9 in Fighting
 15232 | D:11     | Reached XP level 13. HP: 60/90 MP: 13/13
 15499 | D:12     | Found Nalev's Self-Improvement Boutique.
 15565 | D:12     | Noticed Josephine
 15679 | D:11     | Killed Josephine
 16003 | D:12     | Reached skill level 10 in Fighting
 16263 | D:12     | Reached skill level 15 in Dodging
 16526 | D:13     | Noticed a rakshasa
 16886 | D:13     | Killed a rakshasa
 16998 | D:13     | Noticed a vault guard
 17025 | D:13     | Killed a vault guard
 17061 | D:13     | Found a gate to the Vaults.
 17571 | D:13     | Reached skill level 16 in Dodging
 17707 | D:13     | Reached ** piety under Ashenzari
 18596 | D:14     | Reached skill level 17 in Dodging
 18774 | D:14     | Reached XP level 14. HP: 83/99 MP: 14/14
 18871 | D:14     | HP: 4/99 [tengu warrior/+0 great mace (30)]
 19603 | Lair:2   | Found a hole to the Spider Nest.
 19894 | Lair:2   | Noticed 910rd's ghost (journeyman DrSh)
 19895 | Lair:2   | Found a bloodstained altar of Trog.
 19936 | Lair:2   | Found a transporter.
 19953 | Lair:2   | Found a transporter.
 20024 | Lair:2   | You add the spells Alistair's Intoxication, Borgnjor's Vile
                  | Clutch and Eringya's Noxious Bog to your library.
 20518 | Lair:2   | Identified the +6 shortbow of the Evening {freeze, *Slow
                  | rN+ Will+++ Str+3}
 20543 | Lair:2   | Reached skill level 10 in Shapeshifting
 20770 | Lair:2   | Found a staircase to the Shoals.
 21101 | Lair:3   | Reached skill level 18 in Dodging
 21379 | Lair:3   | Found a large runed translucent door.
 21379 | Lair:3   | Found a large runed translucent door.
 21385 | Lair:3   | Noticed jamsaran's ghost (journeyman DgAl)
 21423 | Lair:3   | You pick up a book of Beasts and begin reading...
 21423 | Lair:3   | You add the spells Summon Ice Beast, Summon Mana Viper and
                  | Monstrous Menagerie to your library.
 21533 | Lair:3   | Identified Rem Bumn's Incunable of Changed Spellbinding
 21546 | Lair:3   | You add the spells Sting, Sigil of Binding and Metabolic
                  | Englaciation to your library.
 22167 | Lair:4   | Reached skill level 11 in Unarmed Combat
 22331 | Lair:4   | Reached skill level 11 in Shapeshifting
 22718 | Lair:4   | Found a staircase to the Slime Pits.
 22834 | Lair:5   | Entered Level 5 of the Lair of Beasts
 22853 | Lair:5   | Reached XP level 15. HP: 84/103 MP: 15/15
 23359 | Lair:5   | Reached *** piety under Ashenzari
 23381 | Lair:5   | Reached skill level 12 in Shapeshifting
 23568 | Lair:5   | Found a large runed translucent door.
 23568 | Lair:5   | Found a large runed translucent door.
 23767 | Lair:5   | Reached skill level 12 in Unarmed Combat
 24067 | Lair:5   | Found a bloodstained altar of Trog.
 24859 | Orc:1    | Reached **** piety under Ashenzari
 24860 | Orc:1    | Noticed an orc warlord
 24872 | Orc:1    | Killed an orc warlord
 25060 | Orc:2    | Entered Level 2 of the Orcish Mines
 25110 | Orc:2    | Noticed an orc warlord
 25118 | Orc:2    | Found a staircase to the Elven Halls.
 25187 | Orc:2    | Killed an orc warlord
 25205 | Orc:2    | Noticed Urug
 25212 | Orc:2    | Reached skill level 13 in Unarmed Combat
 25228 | Orc:2    | Found a roughly hewn altar of Beogh.
 25245 | Orc:2    | Killed Urug
 25250 | Orc:2    | Reached skill level 1 in Spellcasting
 25257 | Orc:2    | Reached skill level 13 in Shapeshifting
 25496 | Orc:2    | Found a roughly hewn altar of Beogh.
 25639 | Orc:2    | Found Eqawiv's Antique Weapon Shop.
 25656 | Orc:2    | Found Ykuahoerr's General Store.
 25671 | Orc:2    | Found Busmam's Antique Armour Shop.
 25701 | Orc:2    | Found Pestirul's Jewellery Shop.
 25707 | Orc:2    | Bought a +6 ring of intelligence for 504 gold pieces
 25766 | Orc:2    | Reached XP level 16. HP: 113/114 MP: 20/20
 25897 | Orc:2    | Noticed Azrael
 25910 | Orc:2    | Killed Azrael
 25911 | Orc:2    | Reached skill level 2 in Spellcasting
 26317 | Spider:1 | Entered Level 1 of the Spider Nest
 26342 | Spider:1 | Noticed Kirke
 26355 | Spider:1 | Killed Kirke
 26394 | Spider:1 | You pick up a book of the Wilderness and begin reading...
 26425 | Spider:1 | Identified the Incunabulum of the Becharmed Inferno
 26433 | Spider:1 | You add the spells Inner Flame and Cause Fear to your
                  | library.
 26508 | Spider:1 | Reached skill level 3 in Spellcasting
 26617 | Spider:1 | Identified the serpent talisman of Magic {rF+ Stlth+}
 26617 | Spider:1 | Noticed Aizul
 26640 | Spider:1 | Killed Aizul
 26708 | Spider:1 | Reached skill level 4 in Spellcasting
 26726 | Spider:1 | Noticed Asterion
 26739 | Spider:1 | Killed Asterion
 26890 | Spider:1 | Reached skill level 5 in Spellcasting
 27164 | Spider:2 | Reached skill level 14 in Shapeshifting
 27307 | Spider:2 | Reached skill level 6 in Spellcasting
 27703 | Spider:2 | Reached skill level 7 in Spellcasting
 27757 | Spider:2 | Identified the ring "Neahul" {rN+ Str+6}
 28136 | Spider:2 | Reached XP level 17. HP: 119/119 MP: 30/30
 28286 | Spider:3 | Reached skill level 15 in Shapeshifting
 28398 | Spider:3 | Reached skill level 8 in Spellcasting
 28420 | Spider:3 | Blown up by an orb spider

Vanquished Creatures
  Asterion (Spider:1)
  Kirke (Spider:1)
  Aizul (Spider:1)
  A ghost moth (Spider:3)
  4 emperor scorpions
  2 orc warlords
  2 broodmothers (Spider:2)
  A spark wasp (Spider:2)
  Azrael (Orc:2)
  Josephine (D:11)
  6 hydras
  2 entropy weavers (Spider:2)
  A vault guard (D:13)
  5 centaur warriors
  2 radroaches
  6 boulder beetles
  A catoblepas (D:14)
  2 jorogumos (Spider:2)
  3 two-headed ogres
  3 death yaks (Lair:5)
  A tengu warrior (D:14)
  4 demonic crawlers
  Urug (Orc:2)
  4 skysharks
  3 orc high priests
  An orb spider (Spider:2)
  5 pharaoh ants
  A glowing orange brain (D:13)
  2 deep elf pyromancers
  2 steelbarb worms
  2 orc knights (Orc:2)
  A lindwurm (Lair:5)
  7 ugly things
  8 cyclopes
  5 orc sorcerers
  6 manticores
  18 wolf spiders
  An oklob plant (Lair:3)
  3 meliai (Spider:3)
  2 kobold blastminers (Orc:2)
  6 black mambas
  10 elephants
  3 molten gargoyles (Lair:5)
  3 gargoyles
  4 unseen horrors
  7 cane toads
  Maggie (D:6)
  3 torpor snails (Spider:2)
  A freezing wraith (D:14)
  4 rime drakes
  14 komodo dragons
  8 trolls
  4 merfolk (Lair:2)
  3 polar bears
  Grinder (D:3)
  33 blink frogs
  17 tarantellas
  A dream sheep (Lair:2)
  A shadow (D:9)
  5 slime creatures
  11 culicivoras
  17 jumping spiders
  2 vampires
  A water elemental (D:13)
  A centaur simulacrum (D:11)
  Sigmund (D:2)
  8 wraiths
  4 wyverns
  26 redbacks
  2 steam dragons (Lair:5)
  58 yaks
  3 fire elementals (Orc:2)
  7 basilisks
  2 wargs
  7 vampire mosquitoes
  2 acid dragons (D:10)
  13 water moccasins
  8 hell hounds
  3 ice beasts
  26 orc warriors
  6 black bears
  5 ogres
  35 wolves
  4 laughing skulls
  4 centaurs
  2 phantoms
  13 bullfrogs
  A kobold brigand (D:10)
  Blork the orc (D:6)
  33 scorpions
  11 wights
  21 killer bees
  2 vampire bats (Lair:5)
  3 howler monkeys
  3 electric eels
  5 lava snakes (Lair:5)
  3 hounds
  5 jellies
  2 bombardier beetles
  31 orc priests
  2 iguanas
  39 orc wizards
  Terence (D:2)
  2 adders (D:5)
  3 dart slugs
  3 ribbon worms
  109 orcs
  7 ball pythons
  11 bats
  2 endoplasms
  A giant cockroach (D:3)
  14 goblins
  4 hobgoblins
  3 jackals (D:1)
  7 quokkas
  4 frilled lizards
  A kobold (D:3)
  5 rats
862 creatures vanquished.

Vanquished Creatures (collateral kills)
  A rakshasa (D:13)
  A two-headed ogre (D:11)
  2 yaks (Lair:1)
4 creatures vanquished.

Vanquished Creatures (others)
  A hydra (D:9)
  A tarantella (Spider:1)
  6 humans (Spider:1)
  An acid dragon (D:9)
  An orc (Orc:1)
10 creatures vanquished.

Grand Total: 876 creatures vanquished

Table legend:
 A = Non-vault XP
 B = Vault XP
 C = Vault XP percentage of total XP
 D = Non-vault monster count
 E = Vault monster count
 F = Vault count percentage of total count
                 A         B        C        D         E       F
            +---------+---------+-------+---------+---------+-------
      Total |  123050 |   67178 |  35.3 |     611 |     255 |  29.4
            +---------+---------+-------+---------+---------+-------
        D:1 |      27 |       6 |  18.2 |      17 |       3 |  15.0
        D:2 |      71 |     244 |  77.5 |      15 |       2 |  11.8
        D:3 |     295 |     277 |  48.4 |      24 |       1 |   4.0
        D:4 |     249 |     138 |  35.7 |      16 |       9 |  36.0
        D:5 |     944 |       0 |   0.0 |      16 |       0 |   0.0
        D:6 |    1031 |     505 |  32.9 |      21 |       2 |   8.7
        D:7 |    1062 |       0 |   0.0 |      23 |       0 |   0.0
        D:8 |    1047 |       4 |   0.4 |      29 |       1 |   3.3
        D:9 |    1791 |     436 |  19.6 |      17 |      10 |  37.0
       D:10 |    1564 |    2828 |  64.4 |      19 |      16 |  45.7
       D:11 |    4050 |   13116 |  76.4 |      21 |      30 |  58.8
       D:12 |    4399 |     214 |   4.6 |      18 |       1 |   5.3
       D:13 |    6303 |    6949 |  52.4 |      15 |      11 |  42.3
       D:14 |    5955 |       0 |   0.0 |      13 |       0 |   0.0
     Lair:1 |    4249 |       0 |   0.0 |      25 |       0 |   0.0
     Lair:2 |    6187 |    6869 |  52.6 |      33 |      22 |  40.0
     Lair:3 |    8432 |     301 |   3.4 |      36 |       2 |   5.3
     Lair:4 |    5892 |       0 |   0.0 |      23 |       0 |   0.0
     Lair:5 |   20477 |    8075 |  28.3 |      55 |      39 |  41.5
   Spider:1 |    6239 |   17494 |  73.7 |      20 |      60 |  75.0
   Spider:2 |   25773 |       0 |   0.0 |      55 |       0 |   0.0
   Spider:3 |    8900 |       0 |   0.0 |      18 |       0 |   0.0
      Orc:1 |    4650 |       0 |   0.0 |      28 |       0 |   0.0
      Orc:2 |    3463 |    9722 |  73.7 |      54 |      46 |  46.0
            +---------+---------+-------+---------+---------+-------

Skill      XL: |  1  2  3  4  5  6  7  8  9 10 11 12 13 14 15 16 17 |
---------------+----------------------------------------------------+-----
Dodging        | 3 4 6 7 9 11 13 14 17 18 | 18.6
Unarmed Combat | 4 5 6 8 10 11 13 | 13.2
Shapeshifting  | 4 6 8 9 11 13 14 15 | 15.0
Fighting       | 2 6 9 10 | 10.1
Spellcasting   | 1 7 8 |  8.1
Ice Magic      | |  0.5

Action                     |  1- 3 |  4- 6 |  7- 9 | 10-12 | 13-15 | 16-18 || total
---------------------------+-------+-------+-------+-------+-------+-------++-------
  Melee: Unarmed           |    44 |    28 |   249 |   648 |   949 |   431 ||  2349
         Constrict         |     9 |    10 |    59 |    87 |   155 |   105 ||   425
         Tentacles         |     6 |     9 |    65 |   175 |   269 |   144 ||   668
         Punch             |     2 |       |     9 |    21 |    64 |    55 ||   151
         Maw               |       |       |       |    10 |    16 |       ||    26
  Throw: Throwing net      |       |       |       |     1 |       |       ||     1
 Invoke: Curse Item        |       |       |       |     3 |     4 |       ||     7
  Evoke: Wand              |       |       |       |     3 |       |       ||     3
    Use: Potion            |     1 |       |     4 |     6 |     2 |       ||    13
         Scroll            |       |       |    12 |     8 |     6 |     2 ||    28
   Stab: Sleeping          |     2 |     4 |     9 |     3 |     2 |     5 ||    25
         Paralysed         |       |       |       |     3 |       |       ||     3
 Armour: Skin              |    11 |     6 |    84 |   188 |   408 |   362 ||  1059
  Dodge: Dodged            |    25 |    26 |   194 |   837 |  1828 |  1939 ||  4849
   Form: Maw               |       |       |       |     1 |     1 |       ||     2
         Flux              |       |       |       |     1 |     1 |       ||     2
         Statue            |       |       |       |       |     1 |       ||     1

Illustrated notes

Table legend:
 A = Kills in this place as a percentage of kills in the entire game.
 B = Kills by you in this place as a percentage of kills by you in the entire game.
 C = Kills by friends in this place as a percentage of kills by friends in the entire game.
 D = Other kills in this place as a percentage of other kills in the entire game.
 E = Experience gained in this place as a percentage of experience gained in the entire game.
 F = Experience gained in this place divided by the number of levels of this place that you have seen.
                   A       B       C       D       E      F
               +-------+-------+-------+-------+-------+----------------------
         Total | 100.0 | 100.0 | 100.0 |   N/A | 100.0 | 7609.1
       Dungeon |  40.4 |  40.4 |  50.0 |   N/A |  28.1 | 3821.8
          Lair |  27.1 |  27.0 |  50.0 |   N/A |  31.8 | 12096.4
   Spider Nest |  17.7 |  17.7 |   0.0 |   N/A |  30.7 | 19468.7
  Orcish Mines |  14.8 |  14.8 |   0.0 |   N/A |   9.4 | 8917.5
               +-------+-------+-------+-------+-------+----------------------

Table legend: (Time is in decaauts)
 A = Elapsed time spent in this place.
 B = Non-inter-level travel time spent in this place.
 C = Inter-level travel time spent in this place.
 D = Time resting spent in this place.
 E = Time spent auto-exploring this place.
 F = Levels seen in this place.
 G = Mean time per level.
                   A        B        C        D        E       F      G
               +--------+--------+--------+--------+--------+-----+--------+
         Total |  32131 |  30391 |   1740 |   2846 |  21121 |  25 | 1285.2 |
       Dungeon |  18028 |  17089 |    939 |   2479 |  11361 |  14 | 1287.7 |
        Temple |      1 |      0 |      1 |      0 |      0 |   1 |    1.0 |
          Lair |   8617 |   7957 |    660 |    175 |   6056 |   5 | 1723.4 |
   Spider Nest |   3014 |   2926 |     88 |    186 |   1801 |   3 | 1004.7 |
  Orcish Mines |   2468 |   2417 |     51 |      6 |   1901 |   2 | 1234.0 |
               +--------+--------+--------+--------+--------+-----+--------+

Top non-repeatable levels by time:
    D:11: 3190 daAuts
  Lair:5: 2318 daAuts
    D:13: 2098 daAuts
  Lair:2: 2078 daAuts
    D:10: 2070 daAuts
  Lair:3: 1864 daAuts
   Orc:2: 1711 daAuts
     D:9: 1634 daAuts
Spider:2: 1508 daAuts
  Lair:1: 1336 daAuts
Spider:1: 1181 daAuts
     D:5: 1181 daAuts
     D:8: 1142 daAuts
     D:3: 1059 daAuts
  Lair:4: 1018 daAuts
